 Dungeon Crawl Stone Soup version 0.32-a0-931-g5a2cda0630 (webtiles) character file.

Game seed: 1627783491648419057

39 Meejax the Cudgeller (level 3, -1/28 HPs)
             Began as a Demonspawn Gladiator on Apr 14, 2024.
             Slain by a gnoll
             ... wielding a +0 halberd
              (11 damage)
             ... on level 2 of the Dungeon.
             The game lasted 00:00:49 (815 turns).

Meejax the Cudgeller (Demonspawn Gladiator)          Turns: 815, Time: 00:00:50

Health: -1/28      AC:  4    Str: 14    XL:     3   Next: 28%
Magic:  3/3        EV: 11    Int:  8    God:
Gold:   0          SH:  0    Dex: 16    Spells: 2/2 levels left

rFire   . . .        a - +0 flail
rCold   . . .        (no shield)
rNeg    . . .        b - +0 leather armour
rPois   .            c - +0 helmet
rElec   .            (no cloak)
rCorr   .            (no gloves)
SInv    .            (no boots)
Will    .....        (no amulet)
Stlth   +            (no ring)
HPRegen 0.24/turn    (no ring)
MPRegen 0.08/turn

%: no passive effects
@: no status effects
A: spiny 1
a: no special abilities


You were on level 2 of the Dungeon.
You visited 1 branch of the dungeon, and saw 2 of its levels.

Inventory:

Hand Weapons
 a - a +0 flail (weapon)
Missiles
 d - 3 throwing nets (quivered)
 e - a javelin
Armour
 b - a +0 leather armour (worn)
 c - a +0 helmet (worn)
Scrolls
 f - a scroll of immolation {unknown}
 g - a scroll of poison {unknown}
Potions
 h - a potion of enlightenment {unknown}


   Skills:
 + Level 2.5 Fighting
 + Level 3.2 Maces & Flails
 + Level 1.9 Throwing
 + Level 0.3 Armour
 + Level 2.9 Dodging
 + Level 0.5 Stealth


You had 2 spell levels left.
You didn't know any spells.
Your spell library contained the following spells:

 Spells                   Type           Power      Damage    Failure   Level
 Call Canine Familiar     Summ           0%         N/A       86%         3
 Sigil of Binding         Hex            0%         N/A       86%         3
 Dimensional Bullseye     Hex/Tloc       0%         N/A       99%         4


Dungeon Overview and Level Annotations

Branches:
Dungeon (2/15)

Altars:


Innate Abilities, Weirdness & Mutations

You are partially covered in sharp spines.


Message History

You hit the gnoll.
The gnoll is moderately wounded.
The gnoll closely misses you.
The gnoll hits you from afar with a +0 halberd!
The gnoll misses you.
The gnoll hits you from afar with a +0 halberd.
The gnoll closely misses you. The giant cockroach closely misses you.
The gnoll misses you. The gnoll attacks as it pursues you!
The gnoll is struck by your spines. The gnoll hits you with a +0 club.
The giant cockroach barely misses you. The gnoll attacks as it pursues you!
The gnoll is struck by your spines. The gnoll hits you with a +0 flail.
* * * LOW HITPOINT WARNING * * *
The gnoll attacks as it pursues you! The gnoll closely misses you.
The giant cockroach attacks as it pursues you!
The giant cockroach closely misses you.
The giant cockroach is struck by your spines.
The giant cockroach closely misses you. The gnoll attacks as it pursues you!
The gnoll closely misses you.
You see here a ribbon worm corpse.
The gnoll attacks as it pursues you! The gnoll closely misses you.
The giant cockroach attacks as it pursues you!
The giant cockroach bites you but does no damage.
The gnoll attacks as it pursues you! The gnoll closely misses you.
You see here a +0 dagger.
The giant cockroach attacks as it pursues you!
The giant cockroach bites you but does no damage.
The giant cockroach bites you.
* * * LOW HITPOINT WARNING * * *
The giant cockroach barely misses you. The gnoll attacks as it pursues you!
The gnoll barely misses you. The gnoll attacks as it pursues you!
The gnoll barely misses you.
The giant cockroach attacks as it pursues you!
The giant cockroach barely misses you. x2
The giant cockroach attacks as it pursues you!
The giant cockroach is struck by your spines.
The giant cockroach misses you. The gnoll attacks as it pursues you!
The gnoll hits you from afar with a +0 halberd!
You die...

############### #.@Bg..g.g..g.#
#.###########.# #.###########)#
#...........#.# ###########.#g#
########.#g##### ##########
#..†.....#...g.g
#........##.####.##############
#.######.##....................


You could see 3 gnolls and a giant cockroach.

Vanquished Creatures
  2 ribbon worms (D:2)
  5 ball pythons (D:1)
  3 endoplasms (D:1)
  3 goblins
  3 hobgoblins
  2 jackals (D:2)
  4 quokkas (D:1)
  A bat (D:1)
  2 frilled lizards (D:1)
  3 kobolds
  3 rats (D:1)
31 creatures vanquished.

Notes
Turn   | Place    | Note
-------+----------+-------------------------------------------
     0 | D:1      | Meejax the Demonspawn Gladiator began the quest for the
                  | Orb.
     0 | D:1      | Reached XP level 1. HP: 16/16 MP: 1/1
   172 | D:1      | Gained mutation: You are partially covered in sharp spines.
                  | [demonic ancestry]
   172 | D:1      | Reached XP level 2. HP: 22/22 MP: 2/2
   245 | D:1      | Reached skill level 3 in Maces & Flails
   620 | D:2      | Reached XP level 3. HP: 28/28 MP: 3/3
   815 | D:2      | Slain by a gnoll

Illustrated notes

Levels and vault maps discovered:
D:1:      minmay_arrival_cross, layout_basic, st_stairs_7
D:2:      layout_basic

Skill      XL: |  1  2 |
---------------+-------+-----
Maces & Flails | 3 |  3.2
Fighting       | |  2.5
Throwing       | |  1.9
Armour         | |  0.3
Dodging        | |  2.9
Stealth        | |  0.5

Action                     || total
---------------------------++-------
  Melee: Flail             ||    52
   Stab: Sleeping          ||     3
 Armour: Leather armour    ||    30
  Dodge: Dodged            ||    45

Table legend: (Time is in decaauts)
 A = Elapsed time spent in this place.
 B = Non-inter-level travel time spent in this place.
 C = Inter-level travel time spent in this place.
 D = Time resting spent in this place.
 E = Time spent auto-exploring this place.
 F = Levels seen in this place.
 G = Mean time per level.
                   A        B        C        D        E       F      G
               +--------+--------+--------+--------+--------+-----+--------+
         Total |    827 |    774 |     53 |      0 |    600 |   2 |  413.5 |
       Dungeon |    827 |    774 |     53 |      0 |    600 |   2 |  413.5 |
               +--------+--------+--------+--------+--------+-----+--------+

Top non-repeatable levels by time:
     D:1: 626 daAuts
     D:2: 200 daAuts
